 Dungeon Crawl Stone Soup version 0.28.0-43-g3370ac3207 (webtiles) character file.

Game seed: 8978430376293583465

476 silky the Chopper (level 6, -5/55 HPs)
             Began as a Minotaur Chaos Knight on Mar 30, 2022.
             Was a Plaything of Xom.
             Slain by a phantom (9 damage)
             ... on level 5 of the Dungeon.
             The game lasted 00:14:47 (4710 turns).

silky the Chopper (Minotaur Chaos Knight)           Turns: 4710, Time: 00:14:47

Health: -5/55      AC: 13    Str: 19    XL:     6   Next: 84%
Magic:  5/5        EV:  6    Int:  9    God:    Xom [..*...]
Gold:   289        SH:  0    Dex:  9    Spells: 5/5 levels left

rFire   . . .      SeeInvis +   a - +0 hand axe (chaos)
rCold   . . .      Faith    .   (no shield)
rNeg    + . .      Spirit   .   n - +0 plate armour
rPois   .          Reflect  .   (helmet restricted)
rElec   .          Harm     .   (no cloak)
rCorr   .          Rampage  .   (no gloves)
Will    .....                   l - +0 pair of boots
Stlth   ..........              (no amulet)
HPRegen 0.00/turn               b - ring of see invisible
MPRegen 0.09/turn               f - ring of positive energy

@: inhibited regen
A: horns 2, retaliatory headbutt, inhibited regeneration
a: Renounce Religion


You were on level 5 of the Dungeon.
You worshipped Xom.
You were a toy of Xom.
You visited 1 branch of the dungeon, and saw 5 of its levels.

You collected 289 gold pieces.

Inventory:

Hand Weapons
 a - a +0 hand axe of chaos (weapon)
Missiles
 o - 8 boomerangs (quivered)
Armour
 l - a +0 pair of boots (worn)
 n - a +0 plate armour (worn)
Magical Staves
 i - a staff of earth
Jewellery
 b - a ring of see invisible (left hand)
 f - a ring of positive energy (right hand)
Scrolls
 c - 2 scrolls of teleportation {unknown}
 d - 3 scrolls of identify {unknown}
 g - 2 scrolls of enchant armour {unknown}
 h - a scroll of torment {unknown}
 j - a scroll of blinking {unknown}
 k - a scroll of vulnerability {unknown}
 m - a scroll of brand weapon {unknown}


   Skills:
 + Level 4.9 Fighting
 + Level 6.1 Axes
 + Level 5.6 Armour
 + Level 3.0 Dodging
 + Level 0.6 Stealth


You had 5 spell levels left.
You didn't know any spells.
Your spell library contained the following spells:

 Spells                   Type           Power      Damage    Failure   Level
 Animate Skeleton         Necr           0%         N/A       100%        1
 Freeze                   Ice            0%         1d3       100%        1
 Pain                     Necr           0%         1d4       100%        1
 Frozen Ramparts          Ice            0%         1d2       100%        3
 Vampiric Draining        Necr           0%         2d6       100%        3
 Hailstorm                Conj/Ice       0%         3d3       100%        4


Dungeon Overview and Level Annotations

Branches:
Dungeon (5/15)
 Temple: D:4-7

Altars:
Hepliaklqana
Uskayaw

Shops:
D:2 *


Innate Abilities, Weirdness & Mutations

You have a pair of horns on your head.
You reflexively headbutt those who attack you in melee.
You do not regenerate when monsters are visible.


Message History

You closely miss the phantom. Your headbutt misses the phantom.
The phantom barely misses you. You furiously retaliate!
You headbutt the phantom! You barely miss the phantom.
The phantom is moderately damaged.
The phantom hits you but does no damage.
You barely miss the phantom.
The phantom is moderately damaged.
The phantom hits you but does no damage.
You closely miss the phantom.
The phantom is moderately damaged.
You closely miss the orc. The orc hits you with a +0 flail.
The phantom hits you!
* * * LOW HITPOINT WARNING * * *
You barely miss the orc.
The orc is heavily wounded.
You closely miss the phantom. "Serve the mortal, my child!"
The orc hits you with a +0 flail.
* * * LOW HITPOINT WARNING * * *
The phantom hits you but does no damage.
It was a potion of curing.
You feel better.
Xom thinks this is hilarious!
Your ufetubus barely misses the phantom.
Your ufetubus closely misses the phantom.
The orc hits you but does no damage.
The phantom hits you but does no damage.
You hit the orc. You burn the orc. You headbutt the orc.
You kill the orc!
You hit the phantom. You burn the phantom.
Your ufetubus barely misses the phantom.
Your ufetubus completely misses the phantom.
The phantom hits you!
* * * LOW HITPOINT WARNING * * *
The phantom blinks!
You blink.
You barely miss the phantom. You headbutt the phantom.
The phantom is heavily damaged.
The phantom hits you!
You die...
Xom thinks this is hilarious!

*,
.....##.#####
*
***#.#####.#
, #.......# ,
#.......#
#######.# *
#.## #..# ,
####W## ***
w#)#@†.#S*o *
,#†5#..# *
*,#..###..#W*
##.)## #..#*
#§)# , #..#
#.## *#.# #..
Z .# ##.. #
n#..


You could see a phantom (strong, ally target) and a friendly ufetubus
(summoned).

Vanquished Creatures
  2 water moccasins (D:5)
  An orc priest (D:5)
  An iguana (D:4)
  3 orc wizards (D:5)
  2 hound skeletons (D:4)
  2 adders
  A white imp (D:5)
  A worm (D:5)
  2 dart slugs
  14 orcs
  7 ball pythons
  An endoplasm (D:2)
  4 giant cockroaches
  9 goblins
  6 hobgoblins
  2 jackals (D:3)
  3 quokkas
  5 bats
  5 frilled lizards
  A jackal skeleton (D:4)
  5 kobolds
  3 rats
80 creatures vanquished.

Vanquished Creatures (others)
  5 fungi (D:3)
  3 plants (D:3)
8 creatures vanquished.

Grand Total: 88 creatures vanquished

Notes
Turn   | Place    | Note
-------+----------+-------------------------------------------
     0 | D:1      | silky the Minotaur Chaos Knight began the quest for the
                  | Orb.
     0 | D:1      | Reached XP level 1. HP: 19/19 MP: 0/0
   293 | D:1      | Reached XP level 2. HP: 27/27 MP: 1/1
   321 | D:1      | Reached skill level 4 in Axes
   334 | D:1      | XOM: silly message
   387 | D:1      | XOM: silly message
   690 | D:2      | Found Qileudaj's Assorted Antiques.
   809 | D:2      | XOM: divination: detect items
   888 | D:2      | XOM: silly message
   934 | D:2      | Reached XP level 3. HP: 33/33 MP: 2/2
  1326 | D:2      | XOM: divination: detect items
  1515 | D:2      | XOM: silly message
  1752 | D:3      | Found a hide-covered altar of Uskayaw.
  1897 | D:3      | Found a faded altar of an unknown god.
  1959 | D:3      | Found a hazy altar of Hepliaklqana.
  2448 | D:3      | XOM: silly message
  2503 | D:4      | Identified the +1 robe "Qepsut" {Dex+2}
  2550 | D:4      | XOM: silly message
  2697 | D:4      | Reached XP level 4. HP: 40/40 MP: 3/3
  2730 | D:4      | Reached skill level 5 in Axes
  2996 | D:4      | XOM: silly message
  3219 | D:4      | XOM: god gift: glaive {god gift}
  3309 | D:4      | Reached XP level 5. HP: 9/47 MP: 4/4
  3533 | D:4      | XOM: god gift: scale mail {god gift}
  3607 | D:4      | XOM: 3-stop teleportation journey
  3629 | D:4      | XOM: give mutation
  3629 | D:4      | Gained mutation: You do not regenerate when monsters are
                  | visible. [Xom's mischief]
  3778 | D:5      | Entered Level 5 of the Dungeon
  3829 | D:5      | Noticed a water moccasin
  3842 | D:5      | Killed a water moccasin
  3854 | D:5      | HP: 3/70 [poisoned by a water moccasin]
  4259 | D:5      | XOM: divination: detect creatures
  4263 | D:5      | Reached XP level 6. HP: 53/53 MP: 5/5
  4530 | D:5      | XOM: divination: detect creatures
  4555 | D:5      | XOM: divination: magic mapping
  4562 | D:5      | Reached skill level 5 in Armour
  4689 | D:5      | Noticed a water moccasin
  4698 | D:5      | XOM: cast spell 'Metabolic Englaciation'
  4699 | D:5      | Killed a water moccasin
  4700 | D:5      | Reached skill level 6 in Axes
  4707 | D:5      | XOM: summons friendly ufetubus
  4710 | D:5      | Slain by a phantom

Illustrated notes

Levels and vault maps discovered:
D:1:      minmay_arrival_nine_rooms, layout_loops_ring, minmay_surrounded
D:2:      layout_loops_ring, serial_shops, nicolae_shop_waterfront,
          serial_co_window_serial, co_window_paths_a, co_window_cross_1,
          co_window_paths_b, co_window_corner_a, co_window_paths_a,
          co_window_paths_b, co_window_paths_a, co_window_2corner,
          co_window_broadway_b, co_window_cross_2, co_window_corner_b,
          co_window_2corner, glass_columns_a, glass_columns_c, glass_columns_b,
          glass_columns_a, glass_columns_a
D:3:      layout_basic, amcnicky_altar_gilded, nzn_hepliaklqana_mist_gate,
          dreamdust_ecumenical_altar_grove, grunt_ministairs_15, st_stairs_11
D:4:      layout_basic, minmay_puff
D:5:      minmay_diamond_boxcup, layout_loops_cross, kennysheep_generic_room_10

Skill      XL: |  1  2  3  4  5  6 |
---------------+-------------------+-----
Axes           | 4 5 6 |  6.1
Fighting       | 4 |  4.9
Dodging        | 2 3 |  3.0
Armour         | 3 4 5 |  5.6
Stealth        | |  0.6

Action                   |  1- 3 |  4- 6 || total
-------------------------+-------+-------++-------
Melee: Hand axe          |   104 |   120 ||   224
       Headbutt          |    10 |    19 ||    29
       Punch             |     2 |     2 ||     4
  Use: Potion            |       |     5 ||     5
Armor: Leather armour    |    24 |       ||    24
       Ring mail         |    18 |    18 ||    36
       Plate armour      |       |    54 ||    54
Dodge: Dodged            |    63 |    46 ||   109
